 Dungeon Crawl Stone Soup version 0.31-a0-408-gb642c7f9a3 (webtiles) character file.

Game seed: 12644144384063106096

1627 Ofeo the Gusty (level 9, -5/68 HPs)
             Began as a Djinni Wanderer on July 30, 2023.
             Was a Plaything of Xom.
             Slain by a killer bee (8 damage)
             ... on level 6 of the Dungeon.
             The game lasted 00:18:16 (5720 turns).

Ofeo the Gusty (Djinni Wanderer)                    Turns: 5720, Time: 00:18:17

Health: -5/68      AC:  6    Str: 10 (11) XL:     9   Next: 17%
Gold:   180        EV: 10    Int: 17      God:    Xom [....*.] SH:  0 Dex: 18

rFire   + + .        b - staff of conjuration
rCold   x . .        (no shield)
rNeg    + . .        o - +0 leather armour
rPois   ∞            h - +1 hat
rElec   .            c - +0 cloak {Will+}
rCorr   .            f - +0 pair of gloves
SInv    .            (boots unavailable)
Will    +....        (no amulet)
Stlth   +            l - ring of positive energy
HPRegen 0.31/turn    m - +6 ring of dexterity
MPRegen 0.00/turn

%: infuse magic (-6 HP)
@: flying, studying 2 skills
A: sickness immunity, fire resistance 2, cold vulnerability 1, float, innate
caster, HP casting, extra vitality 1, deterioration 1, dopey 1, noise
suppression
a: Renounce Religion


You were on level 6 of the Dungeon.
You worshipped Xom.
You were a beloved toy of Xom.
You visited 1 branch of the dungeon, and saw 6 of its levels.

You collected 234 gold pieces.
You spent 54 gold pieces at shops.

Inventory:

Hand Weapons
 a - the +5 hammer "Iviaz" {elec, Str+7 Int+3}
   (You found it on level 3 of the Dungeon)

   Str:       It affects your strength (+7).
   Int:       It affects your intelligence (+3).
Armour
 c - a +0 cloak of willpower (worn)
 f - a +0 pair of gloves (worn)
 h - a +1 hat (worn)
 i - a +0 buckler
 o - a +0 leather armour (worn)
Magical Staves
 b - a staff of conjuration (weapon)
Jewellery
 l - a ring of positive energy (left hand)
 m - a +6 ring of dexterity (right hand)
Wands
 e - a wand of roots (5)
 k - a wand of acid (2) {@v2}
 t - a wand of flame (16)
Scrolls
 s - a scroll of enchant weapon
Potions
 d - 2 potions of lignification
 g - 3 potions of degeneration {unknown}
 n - 2 potions of heal wounds {unknown}
 p - 2 potions of might {unknown}
 q - 4 potions of curing {@q1}
 r - a potion of enlightenment {unknown}


   Skills:
 + Level 7.3 Fighting
 - Level 2.2 Armour
 + Level 5.0 Shields
 + Level 5.6 Spellcasting
 + Level 5.6 Conjurations
 + Level 5.6 Hexes
 + Level 5.6 Summonings
 + Level 5.6 Necromancy
 + Level 5.6 Translocations
 + Level 5.6 Transmutations
 + Level 5.6 Fire Magic
 + Level 5.6 Ice Magic
 + Level 7.3 Air Magic
 + Level 5.6 Earth Magic
 + Level 5.6 Poison Magic


You knew the following spells:

 Your Spells              Type           Power      Damage    Failure   Level
a - Slow                  Hex            92%        N/A       1%          1
b - Tukima's Dance        Hex            23%        N/A       5%          3
c - Shock                 Conj/Air       100%       1d9       1%          1
d - Swiftness             Air            29%        N/A       2%          3
e - Leda's Liquefaction   Hex/Erth       11%        N/A       17%         4
f - Necrotise             Necr           92%        1d8       1%          1
g - Blink                 Tloc           46%        N/A       2%          2
h - Ensorcelled Hibernat  Hex/Ice        46%        N/A       2%          2
i - Confusing Touch       Hex            23%        N/A       5%          3

Your spell library contained the following spells:

 Spells                   Type           Power      Damage    Failure   Level


Dungeon Overview and Level Annotations

Branches:
Dungeon (6/15)             Temple (0/1) D:5

Altars:
Gozag
Uskayaw
Wu Jian
Xom

Shops:
D:2 [   D:3 (


Innate Abilities, Weirdness & Mutations

You are immune to sickness and miasma.
You are immune to poison.
Your flesh is very heat resistant. (rF++)
You are vulnerable to cold. (rC-)
You float through the air rather than walking.
You learn spells naturally, not from books.
Your magical power is your life essence.
You have superior vitality. (+4 MHP)
Your body sometimes deteriorates upon taking damage.
You are dopey. (Int -2)
You passively dampen the noise of your surroundings.


Message History

The white imp summons a swarm of flies.
You feel better.
The killer bee stings you but does no damage.
The killer bee stings you!
You take 1 damage, and have 22/68 hp.
As you read the scroll of teleportation {@r3}, it crumbles to dust.
You feel strangely unstable.
The killer bee stings you but does no damage.
The killer bee barely misses you. The killer bee stings you.
* * * LOW HITPOINT WARNING * * *
The killer bee barely misses you.
You take 4 damage, and have 18/68 hp.
The killer bee attacks as you move away!
The killer bee completely misses you. "Serve the mortal, my children!"
The killer bee barely misses your quasit.
The killer bee stings your quasit. x2; The killer bee misses your quasit.
There is an escape hatch in the floor here.
You swap places.
The killer bee stings your quasit.
Your quasit dies!
Your quasit disappears in a puff of smoke!
Your surroundings suddenly seem different.
The killer bee buzzes angrily.
The killer bee closely misses you. The killer bee misses you. x2
You reach down and open the door.
The white imp shouts!
The killer bee stings you.
* * * LOW HITPOINT WARNING * * *
The killer bee stings you but does no damage.
The killer bee misses you.
You take 4 damage, and have 17/68 hp.
The killer bee attacks as you move away!
The killer bee stings you!
* * * LOW HITPOINT WARNING * * *
Found 4 gold pieces.
The killer bee stings you.
* * * LOW HITPOINT WARNING * * *
The killer bee stings you!
You die...
Xom laughs nastily!

#..yy#yl..$.....#
#...5#..........#
#....#..5.......#
#....#..........# .
##...#..........#
..######..........#
.......#..........#
$......#y<........#
.......@y.........#
.......#..........#
.......#..........#
###+##########.............#
#..............#...........#
#..............#...........#
+.............###..........#
#............# ##.........#
#...........# ##........#


You could see 2 killer bees and a white imp.

Vanquished Creatures
  Prince Ribbit (D:5)
  Eustachio (D:4)
  A vampire mosquito (D:6)
  A black bear (D:6)
  An ogre (D:6)
  2 centaurs
  A phantom (D:5)
  A kobold brigand (D:6)
  3 scorpions
  A hound (D:5)
  2 orc priests
  Crazy Yiuf (D:3)
  2 iguanas
  6 orc wizards
  4 gnolls (D:5)
  6 adders
  A shadow imp (D:5)
  A white imp (D:5)
  3 ufetubi
  A worm (D:3)
  4 dart slugs
  7 orcs
  7 bats
  6 endoplasms
  8 giant cockroaches
  5 goblins
  6 hobgoblins
  13 jackals
  A quokka (D:3)
  4 ball pythons
  2 frilled lizards
  5 kobolds
  3 rats
111 creatures vanquished.

Vanquished Creatures (others)
  A dancing weapon (D:3)
1 creature vanquished.

Grand Total: 112 creatures vanquished

Notes
Turn   | Place    | Note
-------+----------+-------------------------------------------
     0 | D:1      | Ofeo the Djinni Wanderer began the quest for the Orb.
     0 | D:1      | Ofeo set off with the following items: a +0 dagger, a
                  | potion of lignification, a +0 scale mailthe following
                  | spells memorised: Slow, Tukima's Dance, Shock, Swiftness,
                  | Leda's Liquefaction.
     0 | D:1      | Reached XP level 1. HP: 18/18 MP: 0/0
    67 | D:1      | Reached XP level 2. HP: 20/23 MP: 0/0
   193 | D:1      | Reached XP level 3. HP: 10/29 MP: 0/0
   193 | D:1      | Learned a level 1 spell: Necrotise
   907 | D:1      | Identified 3 scrolls of acquirement
   914 | D:1      | Acquired a staff of conjuration
   926 | D:1      | Acquired a manual of Invocations
   928 | D:1      | Acquired a manual of Air Magic
  1100 | D:2      | Found Niuchipp's Armour Shoppe.
  1172 | D:2      | Reached XP level 4. HP: 30/35 MP: 0/0
  1193 | D:2      | Noticed a floating eye
  1195 | D:2      | Found a faded altar of an unknown god.
  1203 | D:2      | Noticed a floating eye
  1203 | D:2      | Noticed a great orb of eyes
  1203 | D:2      | Noticed an eye of devastation
  1216 | D:2      | Prayed at the altar of an unknown god.
  1216 | D:2      | Became a worshipper of Xom of Chaos
  1747 | D:2      | Bought a +0 cloak for 54 gold pieces
  1778 | D:3      | Found Utoabig's Weapon Boutique.
  1838 | D:3      | Reached XP level 5. HP: 37/40 MP: 0/0
  1838 | D:3      | Learned a level 2 spell: Blink
  1870 | D:3      | Found an opulent altar of Gozag.
  2130 | D:3      | XOM: 5-stop teleportation journey
  2529 | D:3      | Identified the +5 hammer "Iviaz" {elec, Str+7 Int+3}
  2575 | D:3      | XOM: 5-stop teleportation journey
  2647 | D:3      | Found a hide-covered altar of Uskayaw.
  2764 | D:3      | Found a runed translucent door.
  2765 | D:3      | Noticed Crazy Yiuf
  2816 | D:3      | XOM: give mutations
  2816 | D:3      | Gained mutation: Your body sometimes deteriorates upon
                  | taking damage. [Xom's mischief]
  2816 | D:3      | Gained mutation: You are dopey. (Int -2) [Xom's mischief]
  2816 | D:3      | Gained mutation: You passively dampen the noise of your
                  | surroundings. [Xom's mischief]
  2824 | D:3      | Killed Crazy Yiuf
  2825 | D:3      | Reached XP level 6. HP: 42/47 MP: 0/0
  2879 | D:3      | XOM: cloud trail
  3081 | D:4      | Reached skill level 5 in Air Magic
  3250 | D:4      | Reached skill level 5 in Fighting
  3250 | D:4      | Reached XP level 7. HP: 39/54 MP: 0/0
  3250 | D:4      | Learned a level 2 spell: Ensorcelled Hibernation
  3258 | D:4      | Noticed Eustachio
  3534 | D:4      | XOM: smoke on damage
  3537 | D:4      | Reached skill level 1 in Shields
  3639 | D:4      | Killed Eustachio
  3840 | D:4      | Found Beloweim's Magic Scroll Emporium.
  4221 | D:5      | Entered Level 5 of the Dungeon
  4244 | D:5      | Noticed Prince Ribbit
  4254 | D:5      | Killed Prince Ribbit
  4255 | D:5      | Reached skill level 5 in Spellcasting
  4255 | D:5      | Reached skill level 5 in Conjurations
  4255 | D:5      | Reached skill level 5 in Hexes
  4255 | D:5      | Reached skill level 5 in Summonings
  4255 | D:5      | Reached skill level 5 in Necromancy
  4255 | D:5      | Reached skill level 5 in Translocations
  4255 | D:5      | Reached skill level 5 in Transmutations
  4255 | D:5      | Reached skill level 5 in Fire Magic
  4255 | D:5      | Reached skill level 5 in Ice Magic
  4255 | D:5      | Reached skill level 5 in Earth Magic
  4255 | D:5      | Reached skill level 5 in Poison Magic
  4255 | D:5      | Reached XP level 8. HP: 44/61 MP: 0/0
  4492 | D:5      | XOM: summons friendly ufetubus
  5027 | D:5      | Found a staircase to the Ecumenical Temple.
  5127 | D:5      | Found an ornate altar of the Wu Jian Council.
  5362 | D:6      | XOM: enchant monster (good)
  5419 | D:6      | Reached XP level 9. HP: 48/68 MP: 0/0
  5419 | D:6      | Learned a level 3 spell: Confusing Touch
  5647 | D:6      | Reached skill level 5 in Shields
  5697 | D:6      | XOM: 2-stop teleportation journey
  5709 | D:6      | XOM: summons 2 friendly demons
  5720 | D:6      | HP: 3/68 [killer bee (6)]
  5720 | D:6      | Slain by a killer bee

Illustrated notes

Levels and vault maps discovered:
D:1:      dpeg_arrival_rooms_b, layout_rooms
D:2:      layout_rooms, hellmonk_ecumenical_altar_watching_god, serial_shops,
          nicolae_shop_waterfront
D:3:      layout_rooms, mainiacjoe_overflow_concentric_impassable,
          mainiacjoe_overflow_alcove_2, serial_forest,
          infiniplex_forest_lined_room_2, infiniplex_forest_straight_3,
          infiniplex_forest_clump_tiny, infiniplex_forest_clump_small,
          infiniplex_forest_end_2, infiniplex_forest_fountain,
          infiniplex_forest_end_2, infiniplex_forest_clump_diagonal,
          serial_shops, nicolae_shop_tiny_glass,
          amcnicky_mini_rare_corridor_liquid, uniq_crazy_yiuf_cottage
D:4:      layout_gridville, serial_shops, nicolae_shop_rolling_square,
          uniq_eustachio
D:5:      layout_cave_pools, lemuel_blue_sif_altar,
          mainiacjoe_overflow_small_starburst, minmay_temple_entry_from_below_a,
          uniq_prince_ribbit1
D:6:      minmay_chambers_of_fours, layout_gridville, tso_metal_star

Skill      XL: |  1  2  3  4  5  6  7  8  9 |
---------------+----------------------------+-----
Spellcasting   | 3 4 5 |  5.6
Conjurations   | 3 4 5 |  5.6
Hexes          | 3 4 5 |  5.6
Summonings     | 3 4 5 |  5.6
Necromancy     | 3 4 5 |  5.6
Translocations | 3 4 5 |  5.6
Transmutations | 3 4 5 |  5.6
Fire Magic     | 3 4 5 |  5.6
Ice Magic      | 3 4 5 |  5.6
Air Magic      | 3 4 5 6 7 |  7.3
Earth Magic    | 3 4 5 |  5.6
Poison Magic   | 3 4 5 |  5.6
Fighting       | 3 4 5 6 7 |  7.3
Shields        | 3 4 5 |  5.0
Armour         | |  2.2

Action                     |  1- 3 |  4- 6 |  7- 9 || total
---------------------------+-------+-------+-------++-------
  Melee: Dagger            |    58 |       |       ||    58
         Staff             |     1 |    10 |       ||    11
         Mace              |       |       |    18 ||    18
   Cast: Shock             |    55 |   110 |   142 ||   307
         Slow              |     2 |     2 |       ||     4
         Tukima's Dance    |       |     4 |       ||     4
         Blink             |       |     1 |     1 ||     2
  Evoke: Wand              |       |       |     2 ||     2
    Use: Potion            |     1 |     1 |     1 ||     3
         Scroll            |     5 |     2 |     2 ||     9
 Armour: Scale mail        |    35 |    10 |       ||    45
         Skin              |    23 |     5 |       ||    28
         Leather armour    |       |    18 |    40 ||    58
  Dodge: Dodged            |    30 |    16 |    71 ||   117

Table legend: (Time is in decaauts)
 A = Elapsed time spent in this place.
 B = Non-inter-level travel time spent in this place.
 C = Inter-level travel time spent in this place.
 D = Time resting spent in this place.
 E = Time spent auto-exploring this place.
 F = Levels seen in this place.
 G = Mean time per level.
                   A        B        C        D        E       F      G
               +--------+--------+--------+--------+--------+-----+--------+
         Total |   5726 |   5535 |    191 |    723 |   3760 |   6 |  954.3 |
       Dungeon |   5726 |   5535 |    191 |    723 |   3760 |   6 |  954.3 |
               +--------+--------+--------+--------+--------+-----+--------+

Top non-repeatable levels by time:
     D:4: 1345 daAuts
     D:3: 1247 daAuts
     D:1: 939 daAuts
     D:5: 938 daAuts
     D:2: 837 daAuts
     D:6: 418 daAuts
